Map: Torches LE

Players

Millifrill - Winner!

  • Race: Zerg Zerg
  • League: Silver
  • Spawn Location: 5:00

Atzenkeeper

  • Race: Terran Terran
  • League: Gold
  • Spawn Location: 1:00

VOD

Have the link to the VOD?

Description

Time

  • Played on: Aug. 5, 2025, 9:08 a.m.
  • Length: 15:10
Show
View Real Time Build Order
Export as new Build Order

Millifrill Zerg - Winner!

Build Orders: Pool First, Lurkers, Roach Hydra 

Get SALT Encoding   

  12  0:01  Drone  
  13  0:08  Drone  
  14  0:18  Extractor  
  14  0:19  Drone  
  15  0:31  Spawning Pool  
  15  0:34  Extractor  
  13  0:37  Drone  
  15  0:51  Extractor  
  15  0:52  Overlord  
  14  0:59  Extractor  
  14  1:01  Drone  
  15  1:13  Hatchery  
  15  1:18  Zergling x2  
  15  1:20  Zergling x2  
  15  1:23  Zergling x2  
  17  1:30  Zergling x2  
  18  1:40  Zergling x2  
  19  1:52  Zergling x2  
  20  1:57  Queen  
  22  2:04  Overlord  
  22  2:20  Overlord  
  22  2:24  Drone  
  22  2:28  Metabolic Boost  
  23  2:34  Drone  
  24  2:37  Drone  
  24  2:40  Drone  
  26  2:48  Drone x2  
  28  2:56  Drone  
  29  3:03  Roach Warren  
  29  3:04  Drone  
  29  3:07  Drone  
  29  3:11  Drone  
  31  3:14  Drone  
  31  3:17  Drone  
  33  3:20  Drone  
  33  3:22  Drone  
  33  3:26  Drone  
  36  3:29  Drone  
  37  3:43  Drone  
  37  3:46  Lair  
  38  3:52  Drone x2  
  38  3:53  Drone x3  
  43  4:01  Overlord  
  43  4:03  Overlord  
  43  4:10  Extractor, Queen  
  43  4:13  Extractor  
  42  4:17  Evolution Chamber  
  42  4:24  Roach x4  
  45  4:34  Drone x2  
  45  4:36  Spore Crawler  
  45  4:37  Drone x2  
  48  4:47  Roach  
  48  4:51  Roach  
  52  4:54  Hatchery  
  51  5:04  Drone x5  
  51  5:06  Overlord  
  56  5:07  Glial Reconstitution  
  56  5:15  Roach  
  58  5:22  Zerg Melee Weapons Level 1  
  58  5:33  Spine Crawler x2  
  56  5:37  Drone x4  
  56  5:40  Drone x2  
  56  5:41  Drone x2  
  64  5:49  Evolution Chamber  
  63  5:50  Evolution Chamber  
  63  5:51  Hydralisk Den  
  63  5:56  Drone x2  
  63  5:57  Drone x3  
  66  6:05  Overlord  
  66  6:08  Overlord  
  66  6:09  Overlord  
  66  6:15  Zerg Missile Weapons Level 1  
  66  6:16  Zerg Ground Armor Level 1  
  66  6:21  Hydralisk x2  
  66  6:23  Hydralisk  
  72  6:31  Drone x2  
  74  6:33  Extractor  
  74  6:37  Drone x4  
  74  6:38  Drone  
  78  6:41  Drone  
  78  6:42  Extractor  
  78  6:43  Extractor, Drone x4  
  78  6:46  Grooved Spines  
  81  6:58  Spine Crawler  
  81  7:00  Spine Crawler  
  79  7:02  Drone x5  
  79  7:04  Spine Crawler  
  83  7:11  Hydralisk  
  83  7:12  Hydralisk x2  
  89  7:16  Queen  
  89  7:17  Queen  
  89  7:22  Queen  
  95  7:36  Hydralisk  
  97  7:38  Overlord x2  
  97  7:39  Overlord x2  
  97  7:57  Hydralisk x4  
  97  7:58  Hatchery  
  104  8:01  Muscular Augments  
  104  8:05  Hatchery  
  103  8:10  Zerg Melee Weapons Level 2  
  103  8:17  Drone x6  
  103  8:18  Drone x3  
  112  8:28  Hydralisk  
  112  8:29  Hydralisk x2  
  120  8:48  Roach x3  
  120  8:49  Roach x3  
  120  8:50  Overlord  
  120  8:51  Overlord x3  
  130  9:07  Overlord x4  
  130  9:26  Hydralisk x13  
  130  9:30  Zerg Missile Weapons Level 2  
  156  9:35  Zerg Ground Armor Level 2  
  156  9:40  Lurker Den  
  155  9:49  Spore Crawler  
  155  9:50  Spore Crawler  
  153  9:52  Spore Crawler  
  153  9:55  Spore Crawler x2  
  153  9:56  Spore Crawler, Drone  
  153  9:57  Drone x5  
  155  10:19  Hydralisk x9  
  158  10:31  Roach  
  158  10:32  Roach x5  
  146  10:42  Hydralisk x4  
  152  10:50  Infestation Pit  
  152  10:53  Hydralisk x4  
  159  11:01  Hatchery  
  159  11:03  Drone x2  
  160  11:13  Hydralisk x4  
  160  11:14  Hydralisk  
  170  11:39  Hydralisk x10  
  174  11:46  Drone x3  
  174  11:47  Drone x3  
  196  11:57  Lurker x4  
  200  12:27  Hatchery  
  200  12:28  Overlord x11  
  153  13:59  Hydralisk x19  
  153  14:00  Hydralisk x4  
  197  14:27  Lurker x3  
  200  14:36  Lurker x2  
  200  14:37  Lurker x2  
Show
View Real Time Build Order
Export as new Build Order

Atzenkeeper Terran 

Build Orders:  

Get SALT Encoding   

  12  0:01  SCV  
  13  0:15  Supply Depot  
  13  0:18  SCV  
  15  0:39  Barracks  
  14  0:46  SCV  
  14  0:49  Supply Depot  
  15  0:58  SCV  
  16  1:16  Barracks  
  16  1:27  Orbital Command  
  16  1:30  Barracks  
  16  1:33  Marine  
  17  1:50  Marine  
  18  1:57  SCV  
  19  2:05  Refinery  
  19  2:06  Supply Depot  
  19  2:08  Marine  
  19  2:09  SCV  
  21  2:20  Marine x2  
  21  2:22  Refinery  
  23  2:24  SCV  
  23  2:26  Marine  
  25  2:34  Supply Depot  
  25  2:36  SCV  
  26  2:38  Marine  
  26  2:41  Barracks Tech Lab  
  27  2:48  SCV  
  28  2:55  Barracks Tech Lab  
  28  2:58  Barracks Reactor  
  28  3:03  Engineering Bay  
  28  3:17  Stimpack  
  28  3:19  Marine  
  29  3:20  Marine  
  29  3:26  SCV  
  31  3:33  Engineering Bay  
  31  3:37  Marine x2  
  31  3:38  SCV  
  34  3:46  Combat Shield  
  34  3:50  Marine x2  
  34  3:51  SCV  
  34  3:55  Marine  
  38  3:56  Terran Infantry Armor Level 1  
  38  4:02  Supply Depot  
  37  4:28  Marine x2  
  37  4:29  Factory, Marine x2  
  41  4:49  Command Center  
  41  4:52  Missile Turret  
  41  4:56  Terran Infantry Weapons Level 1  
  41  5:06  Supply Depot  
  41  5:07  Marine x4  
  45  5:14  Factory Reactor  
  45  5:23  Starport  
  45  5:29  Supply Depot  
  45  5:31  Marine x3  
  48  5:52  Widow Mine x2  
  48  5:55  Missile Turret  
  52  6:02  Refinery  
  52  6:11  Marine  
  52  6:12  Marine x3  
  52  6:15  Refinery  
  56  6:24  Supply Depot  
  56  6:25  Factory Tech Lab  
  56  6:26  Medivac  
  56  6:27  Medivac  
  60  6:36  SCV  
  60  6:37  SCV  
  62  6:48  SCV  
  62  6:49  SCV  
  64  7:00  SCV  
  64  7:01  SCV  
  66  7:02  Barracks  
  66  7:12  SCV  
  66  7:13  Medivac x2, SCV  
  72  7:25  SCV x2  
  72  7:29  Siege Tank  
  77  7:37  SCV x2  
  79  7:49  SCV x2  
  81  7:53  Medivac x2, Missile Turret  
  81  7:57  Barracks Reactor  
  85  8:01  SCV x2  
  87  8:09  Siege Tank  
  87  8:12  Supply Depot  
  90  8:18  Supply Depot  
  90  8:19  Supply Depot  
  90  8:25  Medivac x2  
  94  8:34  Orbital Command  
  94  8:41  Supply Depot  
  94  8:44  Marine x4  
  94  8:45  Marine x2  
  100  9:01  SCV x2  
  100  9:02  Marine  
  103  9:09  Missile Turret  
  103  9:13  Armory, SCV x2  
  105  9:17  Siege Tank  
  105  9:21  Medivac  
  105  9:22  Medivac  
  112  9:24  Marine x2  
  112  9:25  Marine x2  
  116  9:32  Missile Turret  
  116  9:35  Supply Depot  
  116  9:40  Marine x2, Supply Depot  
  116  9:42  Marine x3  
  116  9:43  Marine  
  122  9:56  Supply Depot  
  122  9:58  Marine x2  
  124  10:00  Marine x4  
  124  10:05  Terran Infantry Weapons Level 2  
  128  10:08  Terran Infantry Armor Level 2  
  128  10:12  Supply Depot  
  128  10:15  Marine  
  120  10:34  Supply Depot  
  95  10:37  Marine x4  
  82  10:45  Barracks  
  82  10:49  Siege Tank  
  85  10:50  Marine x2  
  85  10:53  Barracks  
  85  10:55  Marine x3  
  90  11:21  Siege Tank  
  73  11:41  Barracks Reactor x2  
  73  11:56  Supply Depot  
  73  11:58  Supply Depot  
  73  12:06  Medivac  
  73  12:07  Medivac  
  77  12:19  Supply Depot  
  77  12:20  Marine  
  77  12:21  Marine x6  
  77  12:22  Marine x3, Supply Depot  
  87  12:36  Medivac  
  87  12:37  Medivac  
  91  12:40  Command Center  
  84  12:59  Marine x5  
  84  13:00  Marine x2  
  70  13:07  Bunker x2  
  33  13:41  Missile Turret  
  33  13:43  Marine x3  
  33  13:44  Marine, Bunker  
  37  14:06  Command Center  
  37  14:11  Marine x4  
  41  14:21  Bunker  
  41  14:29  Marine  
  42  14:37  Command Center  
  36  15:00  Barracks Reactor  
  36  15:06  Barracks Reactor  
Tags
 
Matchup
TvZ
Opening
Pool First
Spawn Locations
Close Positions
Add a new tag
Caveats
  • Supply blocks, unpowered buildings, or Contaminate may cause inaccurate times.
  • Supply counts are checked every 10 seconds.